 Dungeon Sprint DCSS version 0.28.0-53-g5a82cb258f (webtiles) character file.

Game seed: 13850932091322182443

25616 Groucho the Ninja (level 12, -1/71 (73) HPs)
             Began as a Felid Berserker on July 30, 2022.
             Was a High Priest of Trog.
             Slain by an ancient lich (2 damage)
             ... while petrified by an ancient lich
             ... in the Dungeon (Sprint VII: "The Pits") on Aug 5, 2022.
             The game lasted 00:28:48 (8253 turns).

Groucho the Ninja (Felid Berserker)                 Turns: 8253, Time: 00:28:48

HP:   -1/71 (73)    AC:  3    Str: 13    XL:     12   Next: 91%
MP:   13/13         EV:  4    Int:  9    God:    Trog [*****.]
Gold: 81            SH:  0    Dex: 20    Spells: 11/11 levels left
                                        Lives: 0   Deaths: 3

rFire   . . .      SeeInvis +     - Unarmed
rCold   + . .      Faith    .   (shield unavailable)
rNeg    + + +      Spirit   .   (armour unavailable)
rPois   ∞          Reflect  .   (helmet unavailable)
rElec   .          Harm     .   (cloak unavailable)
rCorr   .          Rampage  .   (gloves unavailable)
Will    +....      NoTele   +   (boots unavailable)
Stlth   ++++++++++              (no amulet)
HPRegen 0.21/turn               p - ring of poison resistance
MPRegen 0.13/turn               q - +4 ring of evasion

@: petrified, lightly drained, quick
A: very small, claws 1, fangs 3, see invisible, speed 1, shaggy fur 3, stealthy
paws, no weapons or thrown items, no armour, multi-lived
a: Renounce Religion, Berserk, Trog's Hand, Brothers in Arms


You were in the Dungeon.
You worshipped Trog.
Trog was extremely pleased with you.
You visited 1 branch You collected 81 gold pieces.

Inventory:

Jewellery
 o - a +6 ring of dexterity
 p - a ring of poison resistance (left paw)
 q - a +4 ring of evasion (right paw)
 s - an amulet of reflection
Wands
 l - a wand of polymorph (11)
Scrolls
 h - a scroll of summoning
 j - a scroll of fog
 n - a scroll of silence
 r - a scroll of identify
Potions
 a - 7 potions of curing
 b - 3 potions of heal wounds
 c - 2 potions of haste
 d - 4 potions of magic
 e - 3 potions of berserk rage
 g - 2 potions of invisibility
 i - a potion of resistance
 k - 5 potions of mutation
 m - 2 potions of attraction


   Skills:
 + Level 20.5 Fighting
 + Level 25.7 Dodging
 O Level 27 Stealth
 + Level 20.5 Unarmed Combat


You had 11 spell levels left.
You didn't know any spells.
Your spell library was empty.

Dungeon Overview and Level Annotations

Branches:
Dungeon (1/1)

Altars:
Ashenzari
Cheibriados
Dithmenos
Elyvilon
Fedhas
Gozag
Hepliaklqana
Kikubaaqudgha
Makhleb
Nemelex Xobeh
Okawaru
Qazlal
Ru
Sif Muna
Trog
Uskayaw
Vehumet
Wu Jian
Xom
Yredelemnul
Zin
The Shining One
Beogh
Jiyva
Lugonu


Innate Abilities, Weirdness & Mutations

You have sharp claws.
You have razor-sharp teeth.
You have supernaturally acute eyesight. (SInv)
You cover ground quickly. (Speed+)
Your thick and shaggy fur keeps you warm. (AC +3, rC+)
Your paws help you pounce on unaware monsters.
You are incapable of wielding weapons or throwing items.
You cannot wear armour.
You gain extra lives every three experience levels.


Message History

The ancient lich gestures at you while chanting.
The bolt of acid misses you. Something bites your stone giant.
Something tramples your stone giant!
Your stone giant holds its ground!
Your stone giant hits the white draconian!!
Unknown command.
The vampire mage hits something.
The vampire mage bites something!
The ancient lich gestures wildly while chanting.
The ancient lich seems to speed up.
The blast of cold hits your stone giant!!
Your stone giant dies!
Your stone giant's corpse disappears in a puff of smoke!
A blast of cold appears from out of your range of vision.
You hear a roar!
Unknown command.
You see here a +0 short sword.
You recover from your berserk rage.
You see here a +0 battleaxe.
The ancient lich gestures at you while chanting.
You are slowing down.
Unknown command.
Unknown command.
Your limbs are stiffening.
You have turned to stone.
The ancient lich touches you!
* * * LOW HITPOINT WARNING * * *
The ancient lich touches you.
* * * LOW HITPOINT WARNING * * *
The ancient lich touches you.
* * * LOW HITPOINT WARNING * * *
The ancient lich touches you. The ancient lich touches you!
* * * LOW HITPOINT WARNING * * *
The ancient lich touches you.
* * * LOW HITPOINT WARNING * * *
The ancient lich touches you!!
* * * LOW HITPOINT WARNING * * *
The ancient lich touches you.
* * * LOW HITPOINT WARNING * * *
The ancient lich touches you.
You die...

####################+#
............).).@L...#
..)).)..)..).)....)).#
###)'##############..#
...).)..#[['...'[[#).#
........#[[#...#[[#..#
###..#######...####.L#
........#.........#..#
.................)#.L#
........#)..)...).#..#


You could see an ancient lich (fast, invisible).

Vanquished Creatures
  A death cob (D)
  A sphinx (D)
  A nagaraja (D)
  A daeva (D)
  A war gargoyle (D)
  A vampire knight (D)
  3 yellow draconians (D)
  An ettin (D)
  2 yaktaur captains (D)
  A vault guard (D)
  Harold (D)
  3 naga warriors (D)
  2 catoblepae (D)
  A boulder beetle (D)
  An ice dragon (D)
  A merfolk avatar (D)
  A death yak (D)
  A vampire mage (D)
  A soul eater (D)
  Sonja (D)
  3 deep elf knights (D)
  A deep troll (D)
  Pikel (D)
  2 wizards (D)
  A lindwurm (D)
  An orc knight (D)
  A bog body (D)
  A manticore (shapeshifter) (D)
  A black mamba (D)
  3 elephants (D)
  2 gargoyles (D)
  An orange demon (D)
  An unseen horror (D)
  2 ice devils (D)
  A red devil (D)
  2 guardian mummies (D)
  2 polar bears (D)
  A wind drake (D)
  2 blink frogs (D)
  A jumping spider (D)
  2 water elementals (D)
  2 fire bats (D)
  A wraith (D)
  A steam dragon (D)
  2 redbacks (D)
  A vampire mosquito (D)
  3 chaos spawn (D)
  An acid dragon (D)
  A bullfrog (D)
  An earth elemental (D)
  A small abomination (D)
  A jelly (D)
  4 crimson imps (D)
  A hell rat (D)
  An orc wizard (D)
  An adder (D)
  3 ufetubi (D)
  2 orcs (D)
  4 endoplasms (D)
  7 jackals (D)
  A quokka (D)
  A frilled lizard (D)
98 creatures vanquished.

Vanquished Creatures (collateral kills)
  A bone dragon (D)
  2 orc warlords (D)
  A vampire knight (D)
  Nessos (D)
  A deep elf annihilator (D)
  A deep elf high priest (D)
  A rakshasa (D)
  A vault guard (D)
  A two-headed ogre (D)
  4 death yaks (D)
  A vampire mage (D)
  A fire crab (D)
  A sea snake (D)
  A wizard (D)
  A deep elf pyromancer (D)
  9 orc knights (D)
  A cyclops (D)
  An eye of devastation (D)
  A smoke demon (D)
  An efreet (D)
  A guardian mummy (D)
  A tarantella (D)
  2 blink frogs (D)
  A flying skull (D)
  A vampire (D)
  5 yaks (D)
  2 redbacks (D)
  5 vampire mosquitoes (D)
  A warg (D)
  2 ogres (D)
  3 orc warriors (D)
  A kobold brigand (D)
  A gnoll sergeant (D)
  An orc wizard (D)
  A mummy (D)
  3 gnolls (D)
  2 orcs (D)
  An endoplasm (D)
  A jackal (D)
  A frilled lizard (D)
68 creatures vanquished.

Grand Total: 166 creatures vanquished

Notes
Turn   | Place    | Note
-------+----------+-------------------------------------------
     0 | D        | Groucho the Felid Berserker began the quest for the Orb.
     0 | D        | Reached XP level 1. HP: 10/10 MP: 2/2
    11 | D        | Reached skill level 2 in Stealth
    15 | D        | Found a bloodstained altar of Trog.
    15 | D        | Found a shimmering blue altar of Sif Muna.
    15 | D        | Found a viscous altar of Jiyva.
    15 | D        | Found a hazy altar of Hepliaklqana.
    15 | D        | Found an opulent altar of Gozag.
    38 | D        | Found a glowing golden altar of the Shining One.
    38 | D        | Found a glowing silver altar of Zin.
    38 | D        | Found a basalt altar of Yredelemnul.
    38 | D        | Found a shimmering altar of Xom.
    38 | D        | Found an ornate altar of the Wu Jian Council.
    38 | D        | Found a sacrificial altar of Ru.
    38 | D        | Found a stormy altar of Qazlal.
    38 | D        | Found an iron altar of Okawaru.
    38 | D        | Found a sparkling altar of Nemelex Xobeh.
    38 | D        | Found a burning altar of Makhleb.
    38 | D        | Found a blossoming altar of Fedhas.
    38 | D        | Found a white marble altar of Elyvilon.
    38 | D        | Found a shadowy altar of Dithmenos.
    38 | D        | Found a snail-covered altar of Cheibriados.
    41 | D        | Found a corrupted altar of Lugonu.
    41 | D        | Found a radiant altar of Vehumet.
    42 | D        | Found an ancient bone altar of Kikubaaqudgha.
    42 | D        | Found a hide-covered altar of Uskayaw.
    42 | D        | Found a broken altar of Ashenzari.
    81 | D        | Reached skill level 5 in Stealth
    81 | D        | Reached XP level 2. HP: 7/14 MP: 3/3
    82 | D        | Reached ** piety under Trog
    83 | D        | Reached skill level 6 in Stealth
   526 | D        | Reached skill level 7 in Stealth
   555 | D        | Reached *** piety under Trog
   558 | D        | Reached skill level 8 in Stealth
   829 | D        | Reached **** piety under Trog
   830 | D        | Reached XP level 3. HP: 5/17 MP: 4/4
  1329 | D        | Noticed an ogre
  1329 | D        | Noticed a gnoll sergeant
  1343 | D        | Reached skill level 9 in Stealth
  1346 | D        | Reached skill level 10 in Stealth
  1349 | D        | Reached skill level 11 in Stealth
  1349 | D        | Reached XP level 4. HP: 21/21 MP: 5/5
  1350 | D        | Killed an ogre
  1351 | D        | Reached skill level 14 in Stealth
  1351 | D        | Reached XP level 5. HP: 24/24 MP: 6/6
  1360 | D        | Reached skill level 16 in Stealth
  1365 | D        | Noticed an orc warrior
  1367 | D        | Killed an orc warrior
  1368 | D        | Reached skill level 17 in Stealth
  1368 | D        | Gained mutation: You are covered in thick fur. (AC +2)
                  | [Felid growth]
  1368 | D        | Reached XP level 6. HP: 28/28 MP: 7/7
  1383 | D        | Reached ***** piety under Trog
  1384 | D        | Reached skill level 18 in Stealth
  1758 | D        | Noticed a jumping spider
  1760 | D        | Killed a jumping spider
  1761 | D        | Reached skill level 5 in Dodging
  1762 | D        | Noticed a fire bat
  1765 | D        | Reached XP level 7. HP: 33/33 MP: 8/8
  1766 | D        | Killed a fire bat
  1767 | D        | Reached skill level 5 in Fighting
  1767 | D        | Reached skill level 19 in Stealth
  1767 | D        | Reached skill level 5 in Unarmed Combat
  1778 | D        | Noticed an efreet
  1785 | D        | Reached ****** piety under Trog
  1788 | D        | Killed from afar by an efreet
  1789 | D        | Reached XP level 6. HP: -7/31 MP: 7/7
  1796 | D        | Killed an efreet
  1797 | D        | Reached XP level 7. HP: 35/35 MP: 8/8
  1897 | D        | Noticed a guardian mummy
  1897 | D        | Noticed Pikel
  1932 | D        | Killed Pikel
  1933 | D        | Reached skill level 10 in Dodging
  1933 | D        | Reached skill level 20 in Stealth
  1933 | D        | Reached XP level 8. HP: 38/40 MP: 9/9
  1952 | D        | Killed a guardian mummy
  2080 | D        | Noticed a deep troll
  2103 | D        | Killed a deep troll
  2104 | D        | Reached skill level 21 in Stealth
  2337 | D        | Noticed a death yak
  2358 | D        | Noticed a death yak
  2358 | D        | Noticed an orc knight
  2388 | D        | Reached XP level 9. HP: 21/45 MP: 10/10
  2402 | D        | Killed an orc knight
  2433 | D        | Reached skill level 10 in Fighting
  2433 | D        | Reached skill level 10 in Unarmed Combat
  2464 | D        | Noticed a death yak
  2486 | D        | Reached skill level 22 in Stealth
  2488 | D        | Noticed a death yak
  2488 | D        | Killed a death yak
  2489 | D        | Reached XP level 10. HP: 30/51 MP: 11/11
  2491 | D        | Killed a death yak
  2494 | D        | Killed a death yak
  2496 | D        | Killed a death yak
  2497 | D        | Reached skill level 23 in Stealth
  2514 | D        | Reached skill level 15 in Dodging
  2722 | D        | Noticed an orange demon
  2729 | D        | Noticed an elephant
  2729 | D        | Noticed Sonja
  3042 | D        | Killed Sonja
  3090 | D        | Killed an elephant
  3440 | D        | Noticed Harold
  3454 | D        | Killed Harold
  3455 | D        | Reached XP level 11. HP: 32/57 MP: 12/12
  3514 | D        | Noticed a bog body
  3520 | D        | Reached skill level 24 in Stealth
  3880 | D        | Killed a bog body
  3920 | D        | Noticed a two-headed ogre
  3969 | D        | Killed a two-headed ogre
  4164 | D        | Noticed a boulder beetle
  4171 | D        | Reached skill level 25 in Stealth
  4172 | D        | Killed a boulder beetle
  4469 | D        | Noticed a vampire knight
  4471 | D        | Noticed a deep elf pyromancer
  4477 | D        | Killed a deep elf pyromancer
  4483 | D        | Killed a vampire knight
  4560 | D        | Noticed a catoblepas
  4583 | D        | Gained mutation: Your thick and shaggy fur keeps you warm.
                  | (AC +3, rC+) [Felid growth]
  4583 | D        | Reached XP level 12. HP: 64/64 MP: 13/13
  4600 | D        | Killed a catoblepas
  6074 | D        | Noticed an orc warlord
  6080 | D        | Noticed an orc warlord
  6083 | D        | Reached skill level 26 in Stealth
  6086 | D        | Reached skill level 15 in Fighting
  6086 | D        | Reached skill level 15 in Unarmed Combat
  6090 | D        | Killed an orc warlord
  6116 | D        | Killed an orc warlord
  6166 | D        | Noticed a vault guard
  6166 | D        | Noticed a yaktaur captain
  6167 | D        | Noticed an ettin
  6168 | D        | Noticed a naga warrior
  6195 | D        | Killed a vault guard
  6196 | D        | Reached skill level 27 in Stealth
  6502 | D        | Killed a naga warrior
  6578 | D        | Killed a yaktaur captain
  6580 | D        | Killed an ettin
  6597 | D        | Noticed a naga warrior
  6598 | D        | Noticed a yaktaur captain
  6598 | D        | Noticed a death cob
  6598 | D        | Noticed a vault guard
  6601 | D        | Killed a naga warrior
  6603 | D        | Noticed a naga warrior
  6603 | D        | Noticed a war gargoyle
  6629 | D        | Killed a death cob
  6630 | D        | Reached XP level 13. HP: 51/71 MP: 14/14
  6637 | D        | Shot with an arrow by a deep elf knight
  6638 | D        | Reached XP level 12. HP: -6/102 MP: 13/13
  6654 | D        | Killed a war gargoyle
  6896 | D        | Killed a naga warrior
  6920 | D        | Killed a vault guard
  7163 | D        | Noticed a catoblepas
  7163 | D        | Noticed an ice dragon
  7163 | D        | Noticed a rakshasa
  7163 | D        | Noticed a yellow draconian
  7163 | D        | Noticed a sphinx
  7165 | D        | Killed a catoblepas
  7168 | D        | Killed an ice dragon
  7179 | D        | Killed a sphinx
  7181 | D        | Killed a rakshasa
  7185 | D        | Killed a yellow draconian
  7407 | D        | Noticed a death yak
  7407 | D        | Noticed a daeva
  7415 | D        | Killed a death yak
  7426 | D        | Killed a daeva
  7432 | D        | Noticed a bone dragon
  7439 | D        | Noticed a merfolk avatar
  7443 | D        | Killed a merfolk avatar
  7448 | D        | Killed a bone dragon
  7449 | D        | Reached XP level 13. HP: 30/74 MP: 14/14
  7469 | D        | Noticed Nessos
  7476 | D        | Killed Nessos
  7526 | D        | Noticed a vampire knight
  7539 | D        | HP: 2/75 [vampire knight/+1 antimagic battleaxe (2)]
  7548 | D        | Mangled by a vampire knight
  7549 | D        | Reached XP level 12. HP: -11/71 MP: 0/13
  7557 | D        | Killed a vampire knight
  7892 | D        | Noticed a vampire mage
  7894 | D        | Noticed a white draconian
  7894 | D        | Noticed a deep elf high priest
  7894 | D        | Noticed a lich
  7894 | D        | Noticed a yellow draconian
  7927 | D        | Killed a yellow draconian
  8156 | D        | Noticed a nagaraja
  8172 | D        | Noticed a yellow draconian
  8180 | D        | Killed a nagaraja
  8189 | D        | Killed a yellow draconian
  8204 | D        | Killed a vampire mage
  8205 | D        | Noticed a vampire mage
  8206 | D        | Noticed a red draconian scorcher
  8206 | D        | Noticed a hell beast
  8206 | D        | Noticed a vampire mage
  8213 | D        | Noticed a deep elf annihilator
  8213 | D        | Killed a deep elf high priest
  8217 | D        | Noticed a jiangshi
  8217 | D        | Noticed a deep elf high priest
  8218 | D        | Noticed an ancient lich
  8219 | D        | Killed a vampire mage
  8223 | D        | Killed a deep elf annihilator
  8252 | D        | HP: 2/71 [ancient lich (9)]
  8253 | D        | Slain by an ancient lich

Illustrated notes

Levels and vault maps discovered:
D:        pitsprint [storerooms_1, entrance_room_1, metal_vault_7, armoury_2,
          mini_pit_1, grid_room_1, main_hall_1, silver_pit, the_coven_3,
          the_vestibule_1, steel_vault_4, golden_pit, hallway_of_sentries,
          crystal_vault_6, iron_vault_2, final_vault]

Skill      XL: |  1  2  3  4  5  6  7  8  9 10 11 12 13 |
---------------+----------------------------------------+-----
Stealth        | 5 8 11 14 17 18 20 21 22 23 25 27 | 27.0
Fighting       | 4 7 9 10 12 14 20 19 | 20.5
Dodging        | 6 10 11 13 16 18 25 24 | 25.7
Unarmed Combat | 4 7 9 10 12 14 20 19 | 20.5

Action                   |  1- 3 |  4- 6 |  7- 9 | 10-12 | 13-15 || total
-------------------------+-------+-------+-------+-------+-------++-------
Melee: Unarmed           |    53 |    14 |    68 |   259 |    45 ||   439
       Bite              |     3 |       |    10 |    43 |     6 ||    62
       Punch             |     1 |       |     4 |    37 |    11 ||    53
Invok: Berserk           |     2 |       |     2 |    13 |       ||    17
       Brothers in Arms  |     1 |     1 |     5 |    18 |     2 ||    27
       Trog's Hand       |     1 |       |     4 |    17 |     1 ||    23
  Use: Potion            |     1 |     2 |     2 |     6 |     6 ||    17
       Scroll            |       |       |       |     1 |       ||     1
 Stab: Sleeping          |       |     3 |     5 |    17 |       ||    25
       Distracted        |       |       |     1 |     5 |     1 ||     7
Armor: Skin              |     1 |     1 |     5 |     1 |       ||     8
Dodge: Dodged            |    69 |     9 |    66 |   262 |    71 ||   477
